 Seeded DCSS version 0.29.1-15-g9cfb28693d (webtiles) character file.

Game seed: 16245865983455551772 (custom seed)

1614 Darius099 the Covert (level 8, -5/58 HPs)
             Began as an Octopode Brigand on Mar 11, 2023.
             Was a Follower of Dithmenos.
             Slain by an orc warrior
             ... wielding a +0 long sword
              (8 damage)
             ... on level 7 of the Dungeon.
             The game lasted 00:10:47 (6347 turns).

Darius099 the Covert (Octopode Brigand)             Turns: 6347, Time: 00:10:48

Health: -5/58      AC:  1    Str: 10    XL:     8   Next: 96%
Magic:  8/8        EV: 16    Int: 26    God:    Dithmenos [*.....]
Gold:   2959       SH:  0    Dex: 15    Spells: 7/7 levels left

rFire   . . .      SeeInvis .   a - +2 dagger
rCold   . . .      Faith    .   (no shield)
rNeg    . . .      Spirit   .   (helmet restricted)
rPois   .          Reflect  .   q - amulet of regeneration
rElec   .          Harm     .   h - +6 ring of intelligence
rCorr   .          Rampage  .   i - +6 ring of intelligence
Will    .....                   d - +4 ring of evasion
Stlth   ++++++....              (no ring)
HPRegen 0.99/turn               (no ring)
MPRegen 0.11/turn               (no ring)
                                (no ring)
                                (no ring)

@: wreathed by umbra
A: almost no armour, amphibious, 8 rings, camouflage 1, gelatinous body 1,
(nimble swimmer 1), tentacles
a: Renounce Religion


You were on level 7 of the Dungeon.
You worshipped Dithmenos.
Dithmenos was aware of your devotion.
You visited 1 branch of the dungeon, and saw 7 of its levels.

You collected 2959 gold pieces.

Inventory:

Hand Weapons
 a - a +2 dagger (weapon)
Missiles
 b - 28 poisoned darts (quivered)
 c - 4 curare-tipped darts
Jewellery
 d - a +4 ring of evasion (on tentacle)
 h - a +6 ring of intelligence (left tentacle)
 i - a +6 ring of intelligence (right tentacle)
 q - an amulet of regeneration (around mantle)
Wands
 n - a wand of roots (14)
 w - a wand of flame (24)
Scrolls
 g - 6 scrolls of teleportation {unknown}
 k - 8 scrolls of identify {unknown}
 l - a scroll of enchant weapon {unknown}
 m - 2 scrolls of summoning {unknown}
 o - a scroll of noise {unknown}
 p - 2 scrolls of immolation {unknown}
 u - a scroll of silence {unknown}
 v - a scroll of butterflies {unknown}
 y - a scroll of amnesia {unknown}
Potions
 e - a potion of might {unknown}
 f - 2 potions of flight {unknown}
 j - 2 potions of lignification {unknown}
 r - a potion of brilliance {unknown}
 s - a potion of berserk rage {unknown}
 t - a potion of heal wounds {unknown}
 x - a potion of curing


   Skills:
 + Level 6.6 Fighting
 + Level 6.6 Short Blades
 - Level 2.0 Throwing
 - Level 1.0 Dodging
 + Level 10.5 Stealth


You had 7 spell levels left.
You didn't know any spells.
Your spell library contained the following spells:

 Spells                   Type           Power      Damage    Failure   Level
 Sting                    Tmut/Pois      0%         1d3       13%         1
 Poisonous Vapours        Pois/Air       0%         N/A       19%         2
 Confusing Touch          Hex            0%         N/A       36%         3
 Olgreb's Toxic Radiance  Pois           0%         N/A       77%         4
 Yara's Violent Unravell  Hex/Tmut       0%         3d3       98%         5
 Enfeeble                 Hex            0%         N/A       100%        7
 Chain Lightning          Conj/Air       0%         N/A       100%        9
 Fire Storm               Conj/Fire      0%         5d1       100%        9
 Shatter                  Erth           0%         3d5*      100%        9


Dungeon Overview and Level Annotations

Branches:
Dungeon (7/15)             Temple (0/1) D:5

Altars:
Cheibriados
Dithmenos
Makhleb
Zin

Shops:
D:3 [   D:4 *:[


Innate Abilities, Weirdness & Mutations

You cannot wear most types of armour.
You are amphibious.
You can wear up to eight rings at the same time.
Your skin changes colour to match your surroundings (Stealth+).
Your rubbery body absorbs attacks. (AC +1, EV +1)
((You are camouflaged when in or above water. (Stealth+)))
You have tentacles for arms and can constrict up to eight enemies at once.


Message History

You constrict the orc warrior, but do no damage.
The orc closely misses you.
The orc warrior hits you with a +0 long sword!
You hit the orc warrior but do no damage.
You squeeze the orc warrior, but do no damage.
The orc warrior is severely wounded.
You constrict the orc warrior, but do no damage.
The orc hits you with a +0 mace. The orc warrior closely misses you.
You hit the orc warrior but do no damage.
The orc warrior is severely wounded.
You constrict the orc warrior. You hit the orc warrior.
The orc warrior is almost dead.
You constrict the orc warrior. The orc hits you with a +0 mace.
The orc warrior hits you with a +0 long sword!
* * * LOW HITPOINT WARNING * * *
You hit the orc warrior but do no damage.
You squeeze the orc warrior, but do no damage.
The orc warrior is almost dead.
You constrict the orc warrior, but do no damage.
The orc warrior hits you with a +0 long sword!
* * * LOW HITPOINT WARNING * * *
The orc completely misses you.
You release your grip on the orc warrior.
You see here 2 amethyst potions.
You barely miss the orc warrior. You grab the orc warrior.
You squeeze the orc warrior.
The orc warrior is almost dead.
You constrict the orc warrior, but do no damage.
The orc warrior hits you with a +0 long sword.
* * * LOW HITPOINT WARNING * * *
You barely miss the orc warrior.
The orc warrior is almost dead.
You constrict the orc warrior, but do no damage.
You hit the orc warrior but do no damage.
You squeeze the orc warrior, but do no damage.
The orc warrior is almost dead.
You constrict the orc warrior, but do no damage.
The orc warrior hits you with a +0 long sword!
You die...

.. #. #.
######.##
........#
........#
........########
.!..........@o{#
.......<######o#
.....#..# .#
#### #..# o#
#..# .# ...# .#
..... .# ...!.
.. #.##.#


You could see an orc warrior and an orc.

Vanquished Creatures
  Sigmund (D:5)
  A water moccasin (D:6)
  An orc warrior (D:6)
  A black bear (D:5)
  An ogre (D:4)
  A phantom (D:6)
  A centaur (D:5)
  A kobold brigand (D:6)
  2 bullfrogs (D:6)
  A necrophage (D:4)
  3 scorpions
  An orc priest (D:3)
  3 hounds
  An iron imp (D:4)
  Jessica (D:2)
  2 iguanas
  2 orc wizards (D:3)
  Natasha (twice) (D:3)
  A hound skeleton (D:4)
  4 gnolls (D:6)
  5 adders
  A white imp (D:5)
  A dart slug (D:5)
  9 orcs
  6 ball pythons
  3 bats
  8 endoplasms
  A giant cockroach (D:4)
  5 goblins
  8 hobgoblins
  12 kobolds
  4 quokkas
  3 frilled lizards
  7 rats
104 creatures vanquished.

Vanquished Creatures (others)
  6 plants
6 creatures vanquished.

Grand Total: 110 creatures vanquished

Notes
Turn   | Place    | Note
-------+----------+-------------------------------------------
     0 | D:1      | Darius099 the Octopode Brigand began the quest for the Orb.
     0 | D:1      | Reached XP level 1. HP: 14/14 MP: 1/1
   233 | D:1      | Reached XP level 2. HP: 8/19 MP: 2/2
   475 | D:1      | Found a faded altar of an unknown god.
  1264 | D:1      | Reached XP level 3. HP: 25/25 MP: 3/3
  1569 | D:2      | Noticed Jessica
  1573 | D:2      | Killed Jessica
  1574 | D:2      | Reached skill level 6 in Stealth
  1574 | D:2      | Reached XP level 4. HP: 30/30 MP: 4/4
  2265 | D:3      | Found Ymmy Ciutu's Antique Armour Shoppe.
  2266 | D:3      | Identified 3 scrolls of acquirement
  2266 | D:3      | Acquired 775 gold pieces
  2271 | D:3      | Acquired 745 gold pieces
  2291 | D:3      | Reached XP level 5. HP: 36/36 MP: 5/5
  2321 | D:3      | Noticed Natasha
  2332 | D:3      | Killed Natasha
  2341 | D:3      | Noticed Natasha
  2345 | D:3      | Killed Natasha
  2416 | D:3      | Reached skill level 7 in Stealth
  2656 | D:3      | Reached XP level 6. HP: 30/43 MP: 6/6
  3036 | D:4      | Found a shadowy altar of Dithmenos.
  3050 | D:4      | Became a worshipper of Dithmenos the Shadowed
  3084 | D:4      | Found Tuuwolaw's General Store.
  3107 | D:4      | Found a snail-covered altar of Cheibriados.
  3178 | D:4      | Found Koenoidu's Book Boutique.
  3219 | D:4      | Found Gamycsypi's Antique Armour Boutique.
  3259 | D:4      | Found a burning altar of Makhleb.
  3282 | D:4      | Reached skill level 8 in Stealth
  3282 | D:4      | Reached XP level 7. HP: 44/49 MP: 7/7
  3686 | D:5      | Entered Level 5 of the Dungeon
  3687 | D:5      | Noticed Sigmund
  3824 | D:5      | Reached skill level 5 in Fighting
  3824 | D:5      | Reached skill level 5 in Short Blades
  4091 | D:5      | Found a glowing silver altar of Zin.
  4197 | D:5      | Acquired a +4 ring of evasion
  4372 | D:5      | Killed Sigmund
  4373 | D:5      | Reached skill level 9 in Stealth
  4373 | D:5      | Reached XP level 8. HP: 35/56 MP: 8/8
  4934 | D:5      | Found a staircase to the Ecumenical Temple.
  5242 | D:6      | Acquired 1095 gold pieces
  5279 | D:6      | Reached * piety under Dithmenos
  5455 | D:6      | Reached skill level 10 in Stealth
  5836 | D:6      | HP: 1/58 [gnoll/+0 flail (10)]
  6345 | D:7      | HP: 1/58 [orc warrior/+0 long sword (5)]
  6347 | D:7      | Slain by an orc warrior

Illustrated notes

Levels and vault maps discovered:
D:1:      minmay_arrival_hallway, layout_loops_corners, basic_ecumenical_altar,
          minmay_unequal
D:2:      layout_loops_ring, uniq_jessica
D:3:      layout_basic, serial_shops, nicolae_shop_advertising_works
          [nicolae_subvault_shop_adworks], minmay_shallow_snake_nest,
          uniq_natasha
D:4:      layout_rooms, grunt_dithmenos_smoke_and_mirrors,
          makhleb_blood_cavern_becter, slow_altar_1, serial_shops,
          nicolae_square_shop, nicolae_shop_temple_entry_statues_fountains,
          kennysheep_mini_moat, chequers_serial_rivers_large_a,
          minmay_fractal_squares_gapless_5
D:5:      layout_layer_cave, mainiacjoe_overflow_cross_hatched,
          lemuel_temple_firewalk_b, uniq_sigmund
D:6:      layout_basic
D:7:      layout_basic, nicolae_hepliaklqana_hazy_memory, serial_shops,
          nicolae_stop_n_shop_2

Skill      XL: |  1  2  3  4  5  6  7  8 |
---------------+-------------------------+-----
Stealth        | 6 7 8 9 10 | 10.5
Short Blades   | 3 4 5 6 |  6.6
Fighting       | 3 4 5 6 |  6.6
Throwing       | |  2.0
Dodging        | |  1.0

Action                   |  1- 3 |  4- 6 |  7- 9 || total
-------------------------+-------+-------+-------++-------
Melee: Dagger            |    34 |    88 |   148 ||   270
       Tentacles         |     4 |    20 |    41 ||    65
       Constrict         |     4 |    19 |    23 ||    46
       Punch             |       |     2 |     3 ||     5
  Use: Scroll            |       |     2 |     2 ||     4
 Stab: Sleeping          |    12 |    15 |    14 ||    41
       Distracted        |       |       |     1 ||     1
Armor: Skin              |       |     4 |     2 ||     6
Dodge: Dodged            |    14 |    38 |   109 ||   161
